 Dungeon Crawl Stone Soup version 0.23-a0-636-g0ff6057 (webtiles) character file.

32 galech the Skirmisher (level 3, 0/29 HPs)
             Began as a Demonspawn Fighter on Dec 28, 2018.
             Slain by a jackal (3 damage)
             ... on level 3 of the Dungeon.
             The game lasted 00:00:59 (836 turns).

galech the Skirmisher (Demonspawn Fighter)           Turns: 836, Time: 00:01:00

Health: 0/29       AC:  0    Str: 16    XL:     3   Next: 10%
Magic:  3/3        EV: 13    Int:  9    God:
Gold:   59         SH:  0    Dex: 13    Spells: 2/2 levels left

rFire    . . .     SeeInvis .   (weapon currently unavailable)
rCold    . . .     Gourm    .   (shield currently unavailable)
rNeg     . . .     Faith    .   (armour currently unavailable)
rPois    .         Spirit   .   (helmet currently unavailable)
rElec    .         Reflect  .   (cloak currently unavailable)
rCorr    .         Harm     .   (gloves currently unavailable)
MR       .....                  (boots currently unavailable)
Stlth    +.........             (no amulet)
HPRegen  0.09/turn              (ring currently unavailable)
MPRegen  0.08/turn              (ring currently unavailable)

@: pig-form, very quick
A: small
a: no special abilities


You were on level 3 of the Dungeon.
You were not hungry.
You were a filthy swine.
You visited 1 branch of the dungeon, and saw 3 of its levels.

You collected 59 gold pieces.

Inventory:

Hand Weapons
 a - a +0 war axe (melded)
Armour
 b - a +0 scale mail (melded)
 c - a +0 shield (melded)
Scrolls
 j - a scroll of remove curse {unknown}
 k - 2 scrolls of identify {unknown}
 l - a scroll of magic mapping {unknown}
Potions
 d - a potion of might
 e - a potion of cancellation {unknown}
 h - 3 potions of curing {unknown}
 i - 2 potions of agility {unknown}
Comestibles
 f - 3 rations
 g - 6 chunks of flesh


   Skills:
 + Level 3.3 Fighting
 + Level 2.3 Axes
 + Level 2.8 Armour
 + Level 0.1 Dodging
 + Level 3.1 Shields


You had 2 spell levels left.
You didn't know any spells.
Your spell library was empty.

Dungeon Overview and Level Annotations

Branches:
Dungeon (3/15)

Altars:
Fedhas

Annotations:
D:2 Natasha


Innate Abilities, Weirdness & Mutations

((You are mostly covered in large bone plates. (SH +6)))


Message History

4 jackals, a goblin and a hobgoblin come into view.
The jackal barks! x4; The goblin shouts!
The hobgoblin shouts!
There is a stone staircase leading up here.
The jackal barely misses you.
You barely miss the jackal. The jackal closely misses you.
The jackal bites you.
You closely miss the jackal. The jackal bites you.
The jackal closely misses you. x2
You barely miss the jackal. The jackal misses you. The jackal bites you.
* * * LOW HITPOINT WARNING * * *
The jackal completely misses you. The jackal bites you.
* * * LOW HITPOINT WARNING * * *
The jackal barely misses you.
You barely miss the jackal. The jackal misses you.
The jackal completely misses you. The jackal closely misses you. x2
The jackal bites you.
* * * LOW HITPOINT WARNING * * *
Unknown command.
The hobgoblin barely misses you. The jackal bites you.
You die...

#. #.# ###
#.. ...
#..#####.#
#........#
##
#..g...##...
#...hh......
##.hhh.##...
#.<...#
........g..#
...........#
...........#
...........#
##.###.....#
#. #.....#


You could see 4 jackals, a hobgoblin and a goblin.

Vanquished Creatures
  A dart slug (D:2)
  A leopard gecko (D:1)
  A giant cockroach (D:1)
  5 hobgoblins
  6 bats
  5 frilled lizards
  3 goblins (D:1)
  3 kobolds
  3 rats (D:1)
28 creatures vanquished.

Notes
Turn   | Place    | Note
-------+----------+-------------------------------------------
     0 | D:1      | galech the Demonspawn Fighter began the quest for the Orb.
     0 | D:1      | Reached XP level 1. HP: 18/18 MP: 1/1
   184 | D:1      | Gained mutation: You are partially covered in large bone
                  | plates. (SH +4) [demonic ancestry]
   184 | D:1      | Reached XP level 2. HP: 20/24 MP: 2/2
   727 | D:2      | Found a blossoming altar of Fedhas.
   790 | D:2      | Gained mutation: You are mostly covered in large bone
                  | plates. (SH +6) [demonic ancestry]
   790 | D:2      | Reached XP level 3. HP: 28/29 MP: 3/3
   817 | D:2      | Noticed Natasha
   836 | D:3      | Slain by a jackal

Vault maps used:
D:1:      dpeg_arrival_subterranean_lakeside_camping
D:2:      minitemple, fedhas_altar_3, first_ration, uniq_natasha
D:3:      overflow_temple_1_default, vehumet_crystals

Skill      XL: |  1  2 |
---------------+-------+-----
Axes           | 2 |  2.3
Shields        | 3 |  3.1
Fighting       | |  3.3
Armour         | |  2.8
Dodging        | |  0.1

Action                   || total
-------------------------++-------
Melee: War axe           ||    79
       Unarmed           ||    10
Armor: Scale mail        ||    36
Dodge: Dodged            ||    35
Block: Shield            ||    63

Table legend:
 A = Non-vault XP
 B = Vault XP
 C = Vault XP percentage of total XP
 D = Non-vault monster count
 E = Vault monster count
 F = Vault count percentage of total count
                 A         B        C        D         E       F
            +---------+---------+-------+---------+---------+-------
      Total |      37 |      10 |  21.3 |      22 |       6 |  21.4
            +---------+---------+-------+---------+---------+-------
        D:1 |      26 |      10 |  27.8 |      17 |       6 |  26.1
        D:2 |      11 |       0 |   0.0 |       5 |       0 |   0.0
            +---------+---------+-------+---------+---------+-------
